 Dungeon Crawl Stone Soup version 0.31.0-11-ge490571c62 (webtiles) character file.

Game seed: 1256365608126954072

63 Aldia the Trooper (level 4, -5/45 HPs)
             Began as an Oni Warper on Jan 31, 2024.
             Slain by a gnoll
             ... wielding a +0 spear
              (9 damage)
             ... on level 3 of the Dungeon.
             The game lasted 00:02:51 (1774 turns).

Aldia the Trooper (Oni Warper)                      Turns: 1774, Time: 00:02:52

Health: -5/45      AC:  3    Str: 17    XL:     4   Next: 9%
Magic:  7/7        EV:  5    Int: 14    God:
Gold:   65         SH:  0    Dex:  8    Spells: 6/8 levels left

rFire   . . .        a - +0 mace
rCold   . . .        (no shield)
rNeg    . . .        b - +0 robe
rPois   .            (helmet restricted)
rElec   .            (no cloak)
rCorr   .            (gloves unavailable)
SInv    .            (boots unavailable)
Will    .....        (no amulet)
Stlth   +            (no ring)
HPRegen 0.27/turn    (no ring)
MPRegen 0.10/turn

%: no passive effects
@: held
A: large, unfitting armour, horns 1, tough skin 1, double potion healing,
drunken brawling
a: no special abilities


You were on level 3 of the Dungeon.
You visited 1 branch of the dungeon, and saw 3 of its levels.

You collected 98 gold pieces.
You spent 33 gold pieces at shops.

Inventory:

Hand Weapons
 a - a +0 mace (weapon)
Missiles
 d - 7 darts of dispersal (quivered)
Armour
 b - a +0 robe (worn)
 f - a scarf of harm
Scrolls
 c - a scroll of blinking
 g - a scroll of fog {unknown}
 i - a scroll of noise {unknown}
 k - a scroll of teleportation {unknown}
Potions
 e - 2 potions of might {unknown}
 h - 2 potions of curing
 j - a potion of lignification {unknown}
 l - a potion of brilliance {unknown}


   Skills:
 + Level 3.5 Fighting
 * Level 3.2 Maces & Flails
 - Level 1.0 Throwing
 - Level 2.1 Dodging
 - Level 2.5 Spellcasting
 + Level 3.2 Translocations


You had 6 spell levels left.
You knew the following spells:

 Your Spells              Type           Power      Damage    Failure   Level
a - Blink                 Tloc           20%        N/A       9%          2

Your spell library contained the following spells:

 Spells                   Type           Power      Damage    Failure   Level
 Lesser Beckoning         Tloc           20%        N/A       9%          2
 Teleport Other           Tloc           10%        N/A       19%         3
 Slow                     Hex            4%         N/A       22%         1
 Manifold Assault         Tloc           10%        N/A       52%         4
 Confusing Touch          Hex            1%         N/A       56%         3
 Sigil of Binding         Hex            1%         N/A       56%         3
 Vampiric Draining        Necr           1%         2d6       56%         3
 Vhi's Electric Charge    Tloc/Air       12%        N/A       75%         4


Dungeon Overview and Level Annotations

Branches:
Dungeon (3/15)

Altars:

Shops:
D:1 !

Annotations:
D:2 1 runed translucent door, Crazy Yiuf


Innate Abilities, Weirdness & Mutations

You are too large for most types of armour.
You have a pair of small horns on your head.
You have tough skin. (AC +1)
You gain doubled healing and magic from potions.
Whenever you drink a healing potion, you attack all around you.


Message History

The stream of webbing hits you but does no damage.
You are caught in a web!
You struggle to detach yourself from the web.
A gnoll comes into view. It is wielding a +0 flail.
The ribbon worm bites you.
The web tears apart.
A gnoll comes into view. It is wielding a +2 heavy flail.
The ribbon worm bites you.
Unknown command.
Okay, then.
The ribbon worm bites you.
An endoplasm comes into view.
The gnoll hits you with a +0 spear! The ribbon worm barely misses you.
The gnoll barely misses you.
The ribbon worm expels a string of sticky webbing.
The stream of webbing hits you but does no damage.
You are caught in a web!
There is a web here.
You struggle to detach yourself from the web.
Unknown command.
Okay, then.
The web tears apart.
The gnoll hits you from afar with a +0 spear.
* * * LOW HITPOINT WARNING * * *
The ribbon worm attacks as it pursues you!
The ribbon worm closely misses you.
The ribbon worm expels a string of sticky webbing.
The stream of webbing hits you but does no damage.
You are caught in a web!
The endoplasm hits you.
* * * LOW HITPOINT WARNING * * *
There is a web here.
You struggle to detach yourself from the web.
The gnoll hits you from afar with a +0 spear.
* * * LOW HITPOINT WARNING * * *
The endoplasm hits you.
* * * LOW HITPOINT WARNING * * *
Unknown command.
You struggle to detach yourself from the web.
The gnoll hits you from afar with a +0 spear!
You die...

#..............
#.........~.~..
#.........~⌠...
#.........~.~..
#..............
#..............
#....gJ........
#(..ggw@.....#
##.#######+#######
#...............#
#..g............#
#...............#
#....g..........#
#.........)...##
#......g......#
##....g.......#


You could see a ribbon worm, 3 gnolls and an endoplasm.

Vanquished Creatures
  3 adders (D:2)
  A ribbon worm (D:2)
  2 endoplasms (D:2)
  2 giant cockroaches (D:1)
  3 hobgoblins
  4 jackals (D:1)
  A quokka (D:1)
  4 ball pythons
  3 bats
  2 frilled lizards
  5 goblins
  2 kobolds
  A rat (D:1)
33 creatures vanquished.

Notes
Turn   | Place    | Note
-------+----------+-------------------------------------------
     0 | D:1      | Aldia the Oni Warper began the quest for the Orb.
     0 | D:1      | Reached XP level 1. HP: 22/22 MP: 3/3
   281 | D:1      | Reached XP level 2. HP: 15/29 MP: 5/5
   743 | D:1      | Found July's Distillery.
   752 | D:1      | Bought a potion of curing for 33 gold pieces
   755 | D:1      | Learned a level 2 spell: Blink
   818 | D:2      | Found a faded altar of an unknown god.
   927 | D:2      | Identified the +4 ring mail of Lies {+Blink}
  1014 | D:2      | Reached XP level 3. HP: 28/37 MP: 6/6
  1121 | D:2      | Found a runed translucent door.
  1122 | D:2      | Noticed Crazy Yiuf
  1455 | D:2      | Reached XP level 4. HP: 41/45 MP: 7/7
  1774 | D:3      | Slain by a gnoll

Illustrated notes

Levels and vault maps discovered:
D:1:      saegor_arrival_simple_b, layout_loops_ring, serial_shops,
          nicolae_lakefront_shop
D:2:      layout_basic, shapermc_ecumenical_altar_totnotflames,
          minmay_crystal_water, uniq_crazy_yiuf_cottage
D:3:      layout_basic, amcnicky_altar_gilded,
          mainiacjoe_overflow_six_doors_small, jmf_multi_god_temple2,
          corexii_leaking_fountain, st_stairs_2, uniq_grinder, uniq_sigmund,
          uniq_robin

Skill      XL: |  1  2  3 |
---------------+----------+-----
Fighting       | 3 |  3.5
Translocations | 3 |  3.2
Maces & Flails | 3 |  3.2
Throwing       | |  1.0
Dodging        | |  2.1
Spellcasting   | |  2.5

Action                     |  1- 3 |  4- 6 || total
---------------------------+-------+-------++-------
  Melee: Mace              |    84 |    10 ||    94
         Headbutt          |    14 |     2 ||    16
 Armour: Robe              |    79 |    17 ||    96
  Dodge: Dodged            |    49 |     4 ||    53
